 Dungeon Crawl Stone Soup version 0.23.2-1-ga50397a6bc (webtiles) character file.

Game seed: 10780939433181393237

37 Engwar the Insei (level 3, -5/28 HPs)
             Began as a Gnoll Transmuter on May 27, 2019.
             Slain by Natasha (10 damage)
             ... on level 2 of the Dungeon.
             The game lasted 00:10:48 (1488 turns).

Engwar the Insei (Gnoll Transmuter)                 Turns: 1488, Time: 00:10:48

Health: -5/28      AC:  2    Str: 12    XL:     3   Next: 41%
Magic:  5/9        EV: 14    Int: 21    God:
Gold:   91         SH:  0    Dex: 15    Spells: 2/12 levels left

rFire    . . .     SeeInvis .     - Unarmed
rCold    . . .     Gourm    .   (no shield)
rNeg     . . .     Faith    .   b - +0 robe
rPois    .         Spirit   .   (no helmet)
rElec    .         Reflect  .   (no cloak)
rCorr    .         Harm     .   (no gloves)
MR       .....                  (no boots)
Stlth    ++........             (no amulet)
HPRegen  0.09/turn              (no ring)
MPRegen  0.11/turn              (no ring)

@: brilliant, confusing touch, appendage
A: distributed training, fangs 1, horns 2, strong nose
a: End Transformation


You were on level 2 of the Dungeon.
You were not hungry.
You had grown temporary horns.
You visited 1 branch of the dungeon, and saw 2 of its levels.

You collected 91 gold pieces.

Inventory:

Hand Weapons
 i - a +0 club
Missiles
 a - 48 arrows
 c - 40 stones (quivered)
Armour
 b - a +0 robe (worn)
Scrolls
 e - 3 scrolls of remove curse {unknown}
 g - a scroll of teleportation {unknown}
 h - a scroll of identify {unknown}
 j - a scroll of fog {unknown}
Potions
 f - a potion of brilliance
Comestibles
 d - 2 rations
 k - 2 chunks of flesh


   Skills:
 + Level 2.6 Fighting
 + Level 0.7 Short Blades
 + Level 0.7 Long Blades
 + Level 0.7 Axes
 + Level 0.7 Maces & Flails
 + Level 0.7 Polearms
 + Level 0.7 Staves
 + Level 0.7 Slings
 + Level 0.7 Bows
 + Level 0.7 Crossbows
 + Level 0.7 Throwing
 + Level 0.7 Armour
 + Level 4.5 Dodging
 + Level 0.7 Stealth
 + Level 0.7 Shields
 + Level 6.5 Unarmed Combat
 + Level 5.0 Spellcasting
 + Level 0.5 Conjurations
 + Level 0.5 Hexes
 + Level 0.5 Charms
 + Level 0.5 Summonings
 + Level 0.5 Necromancy
 + Level 0.5 Translocations
 + Level 3.7 Transmutations
 + Level 0.5 Fire Magic
 + Level 0.5 Ice Magic
 + Level 0.5 Air Magic
 + Level 0.5 Earth Magic
 + Level 0.5 Poison Magic
 + Level 0.9 Invocations
 + Level 0.7 Evocations


You had 2 spell levels left.
You knew the following spells:

 Your Spells              Type           Power        Failure   Level  Hunger
a - Beastly Appendage     Tmut           ####..       1%          1    None
b - Sticks to Snakes      Tmut           ####....     1%          2    None
c - Spider Form           Tmut/Pois      ####......   1%          3    ##.....
d - Summon Small Mammal   Summ           ###.         1%          1    None
e - Animate Skeleton      Necr           N/A          1%          1    None
f - Apportation           Tloc           ###...       1%          1    None
g - Confusing Touch       Hex            ###...       1%          1    None

Your spell library contained the following spells:

 Spells                   Type           Power        Failure   Level  Hunger
 Ice Form                 Ice/Tmut       ####....     5%          4    ####...
 Blade Hands              Tmut           ####......   8%          5    #####..


Dungeon Overview and Level Annotations

Branches:
Dungeon (2/15)

Altars:
Sif Muna

Annotations:
D:2 Natasha


Innate Abilities, Weirdness & Mutations

Your experience applies equally to all skills.
You have very sharp teeth.
Your uncanny sense of smell can sniff out nearby items.
You have a pair of horns on your head.


Message History

Natasha is lightly wounded.
Natasha claws you!
Your rat bites the crimson imp.
The crimson imp disappears for a moment.
The crimson imp hits you.
You swap places.
Your bat hits Natasha.
Your rat barely misses Natasha.
The crimson imp hits your rat.
Your bat hits Natasha.
Unknown command.
You barely miss Natasha.
Natasha is moderately wounded.
Your bat hits Natasha but does no damage.
Your bat barely misses Natasha.
Natasha claws you!
* * * LOW HITPOINT WARNING * * *
Your rat barely misses Natasha.
The crimson imp closely misses your rat.
Okay, then.
Unknown command.
It was a potion of brilliance.
You feel clever all of a sudden.
Your bat hits Natasha. Natasha claws you!
You die...

#.########.##
######..........#
#............####
#.###.###.##.# ##.#
#. #.# #..###+###.
#.# #5)###_+...##.##
#rh###+# #.#...####
#b@# #.# #...#.....
#..###.###.....##รท.
#..%........#.###.#
#=.#####.##.#.....#
##.# #....#######
#.# ####.....# #.#
#.###.# #.# #.# #.#
#.#


You could see Natasha, a crimson imp, a friendly bat and a friendly rat.

Vanquished Creatures
  2 worms (D:2)
  2 leopard geckos (D:1)
  2 giant cockroaches (D:1)
  2 goblins
  2 hobgoblins
  3 jackals (D:1)
  6 kobolds
  A bat (D:2)
  3 frilled lizards (D:1)
  8 rats
31 creatures vanquished.

Notes
Turn   | Place    | Note
-------+----------+-------------------------------------------
     0 | D:1      | Engwar the Gnoll Transmuter began the quest for the Orb.
     0 | D:1      | Reached XP level 1. HP: 17/17 MP: 6/6
   147 | D:1      | Reached XP level 2. HP: 20/23 MP: 5/7
   167 | D:1      | Learned a level 2 spell: Sticks to Snakes
   659 | D:1      | Reached XP level 3. HP: 24/28 MP: 7/9
  1121 | D:2      | Reached skill level 5 in Spellcasting
  1129 | D:2      | Learned a level 3 spell: Spider Form
  1388 | D:2      | Noticed Natasha
  1448 | D:2      | Learned a level 1 spell: Summon Small Mammal
  1450 | D:2      | Learned a level 1 spell: Animate Skeleton
  1452 | D:2      | Learned a level 1 spell: Apportation
  1454 | D:2      | Learned a level 1 spell: Confusing Touch
  1475 | D:2      | Found a deep blue altar of Sif Muna.
  1488 | D:2      | Slain by Natasha

Skill      XL: |  1  2  3 |
---------------+----------+-----
Spellcasting   | 5 |  5.0
Fighting       | |  2.6
Short Blades   | |  0.7
Long Blades    | |  0.7
Axes           | |  0.7
Maces & Flails | |  0.7
Polearms       | |  0.7
Staves         | |  0.7
Slings         | |  0.7
Bows           | |  0.7
Crossbows      | |  0.7
Throwing       | |  0.7
Armour         | |  0.7
Dodging        | |  4.5
Stealth        | |  0.7
Shields        | |  0.7
Unarmed Combat | |  6.5
Conjurations   | |  0.5
Hexes          | |  0.5
Charms         | |  0.5
Summonings     | |  0.5
Necromancy     | |  0.5
Translocations | |  0.5
Transmutations | |  3.7
Fire Magic     | |  0.5
Ice Magic      | |  0.5
Air Magic      | |  0.5
Earth Magic    | |  0.5
Poison Magic   | |  0.5
Invocations    | |  0.9
Evocations     | |  0.7

Action                   || total
-------------------------++-------
Melee: Unarmed           ||    92
       Bite              ||     7
       Headbutt          ||     8
       Punch             ||     2
       Kick              ||     2
 Cast: Beastly Appendage ||    20
       Summon Small Mamm ||     2
       Animate Skeleton  ||     1
       Confusing Touch   ||     1
  Use: Potion            ||     1
  Eat: Chunk             ||     2
Armor: Robe              ||     7
Dodge: Dodged            ||    57
